 Dungeon Crawl Stone Soup version 0.29-a0-1033-gb6c65ffae6 (webtiles) character file.

Game seed: 305711191889141653

11990 spaghetti the Fighter (level 11, -17/184 HPs)
             Began as an Ogre Summoner on Aug 14, 2022.
             Was a Follower of Kikubaaqudgha.
             Engulfed by their own flame (22 damage)
             ... on level 2 of the Lair of Beasts.
             The game lasted 00:24:53 (16713 turns).

spaghetti the Fighter (Ogre Summoner)              Turns: 16713, Time: 00:24:54

Health: -17/184    AC: 25    Str: 12 (14) XL:     11   Next: 86%
Magic:  18/25      EV:  1    Int: 17 (20) God:    Kikubaaqudgha [*.....]
Gold:   456        SH:  0    Dex: 12 (15) Spells: 10/30 levels left

rFire   + . .      SeeInvis .   F - +2 quarterstaff (distort) {!wstaff}
rCold   . . .      Faith    .   (shield currently unavailable)
rNeg    + . .      Spirit   .   (body armour currently unavailable)
rPois   +          Reflect  .   (helmet currently unavailable)
rElec   +          Harm     .   (cloak currently unavailable)
rCorr   +          Rampage  .   (gloves unavailable)
Will    +....      NoTele   +   (boots unavailable)
Stlth   +++.......              i - amulet of magic regeneration {@e2}
HPRegen 0.40/turn               z - +6 ring of dexterity
MPRegen 0.59/turn               t - ring "Kewysyj" {+Blink rC- rN+ EV+4 Stlth+}

@: tree-form, resistant, animating dead, slowed, invisible, very slow
A: stationary, stasis, torment immunity, boosted hp, large, unfitting armour,
(tough skin 1)
a: Renounce Religion, Evoke Blink, Unearth Wretches


You were on level 2 of the Lair of Beasts.
You worshipped Kikubaaqudgha.
Kikubaaqudgha was aware of your devotion.
You were a tree.
You visited 3 branches of the dungeon, and saw 11 of its levels.

You collected 576 gold pieces.
You spent 120 gold pieces at shops.


Innate Abilities, Weirdness & Mutations

You are a tree.
Your roots penetrate the ground, keeping you stationary.
You cannot be teleported.
You are immune to unholy pain and torment.
Your maximum health is greatly increased.
Your equipment is partially melded.
You are too large for most types of armour.
((You have tough skin. (AC +1)))


   Skills:
 + Level 11.8 Fighting
 + Level 5.8 Staves
 - Level 1.7 Dodging
 - Level 1.4 Stealth
 + Level 10.4 Spellcasting
 + Level 9.3 Summonings
 + Level 4.4 Necromancy
 - Level 5.0 Air Magic


You had 10 spell levels left.
You knew the following spells:

 Your Spells              Type           Power      Damage    Failure   Level
a - Summon Small Mammal   Summ           100%       N/A       1%          1
b - Call Imp              Summ           40%        N/A       1%          2
c - Call Canine Familiar  Summ           40%        N/A       1%          3
d - Summon Guardian Gole  Hex/Summ       24%        N/A       3%          3
e - Summon Lightning Spi  Summ/Air       33%        N/A       4%          4
f - Animate Dead          Necr           23%        N/A       13%         4
g - Necrotise             Necr           92%        1d8       1%          1
h - Sublimation of Blood  Necr           23%        N/A       1%          2

Your spell library contained the following spells:

 Spells                   Type           Power      Damage    Failure   Level
 Swiftness                Air            25%        N/A       3%          3
 Poisonous Vapours        Pois/Air       34%        N/A       4%          2
 Vampiric Draining        Necr           23%        2d7       4%          3
 Ensorcelled Hibernation  Hex/Ice        16%        N/A       12%         2
 Passwall                 Tmut/Erth      6%         N/A       12%         2
 Corpse Rot               Necr/Pois/Air  19%        N/A       22%         4
 Dazzling Flash           Conj/Hex       16%        N/A       24%         3
 Gell's Gravitas          Tloc           8%         N/A       24%         3
 Lesser Beckoning         Tloc           8%         N/A       24%         3
 Portal Projectile        Hex/Tloc       16%        N/A       24%         3
 Teleport Other           Tloc           8%         N/A       24%         3
 Tukima's Dance           Hex            8%         N/A       24%         3
 Anguish                  Hex/Necr       8%         N/A       32%         4
 Agony                    Necr           23%        N/A       36%         5
 Petrify                  Tmut/Erth      8%         N/A       63%         4
 Silence                  Hex/Air        8%         N/A       63%         5
 Blade Hands              Tmut           4%         N/A       92%         5
 Irradiate                Conj/Tmut      4%         3d13      92%         5
 Chain Lightning          Conj/Air       8%         3d11      100%        9
 Fire Storm               Conj/Fire      4%         8d1       100%        9
 Shatter                  Erth           4%         3d7*      100%        9

Inventory:

Hand Weapons
 F - a +2 quarterstaff of distortion (weapon) {!wstaff}
   (You took it off Joseph on level 7 of the Dungeon)
Missiles
 c - 108 stones {throwing}
 d - 26 poisoned darts {throwing}
 p - 2 silver boomerangs {throwing}
 u - 15 boomerangs {throwing}
Armour
 a - a +0 robe
 D - a +0 cloak (melded)
   (You found it on level 2 of the Dungeon)
 G - +0 acid dragon scales (melded)
   (You found it on level 8 of the Dungeon)
Magical Staves
 e - a staff of cold {!astaff}
   (You found it on level 4 of the Dungeon)
 g - a staff of conjuration {!a@e2staff}
   (You found it on level 7 of the Dungeon)
 l - a staff of poison {!astaff}
   (You found it on level 5 of the Dungeon)
Jewellery
 i - an amulet of magic regeneration (around neck) {@e2}
   (You found it on level 1 of the Dungeon)
 r - a ring of flight
   (You found it on level 6 of the Dungeon)
 t - the ring "Kewysyj" (right branch) {+Blink rC- rN+ EV+4 Stlth+}
   (You found it on level 6 of the Dungeon)

   [ring of evasion]

   EV:        It affects your evasion (+4).
   rC:        It makes you vulnerable to cold.
   rN:        It protects you from negative energy.
   +Blink:    It lets you blink.
   Stlth:     It makes you more stealthy.
 v - a ring of ice
   (You found it on level 6 of the Dungeon)
 z - a +6 ring of dexterity (left branch)
   (You found it on level 7 of the Dungeon)
 Y - a ring of protection from cold
   (You found it on level 4 of the Dungeon)
Wands
 f - a wand of polymorph (12)
   (You found it on level 7 of the Dungeon)
 h - a wand of mindburst (11)
   (You took it off an orc on level 5 of the Dungeon)
 N - a wand of flame (6)
   (You found it on level 3 of the Dungeon)
Scrolls
 j - a scroll of butterflies
 n - 2 scrolls of silence {!r}
 q - 3 scrolls of amnesia
 s - a scroll of blinking {!r}
 x - 5 scrolls of teleportation {@r4}
 B - a scroll of torment {!r}
 C - 4 scrolls of enchant armour
 E - a scroll of immolation {!r!r}
 H - a scroll of poison {!r}
 M - 2 scrolls of fear
Potions
 b - a potion of magic
 k - a potion of might
 m - 4 potions of curing {@q1}
 I - 2 potions of haste {@q3}
 K - a potion of cancellation {unknown}
 L - a potion of heal wounds {unknown}
 O - a potion of ambrosia {unknown}
 P - a potion of attraction {unknown}

Dungeon Overview and Level Annotations

Branches:
Dungeon (8/15) Zot: 22590  Temple (1/1) D:6 Zot: 5965    Lair (2/5) D:8 Zot: 8622
  Snake (0/4) Lair:2
  Swamp: Lair:2-3    Shoals: Lair:2-3

Altars:
Cheibriados
Dithmenos
Elyvilon
Fedhas
Hepliaklqana
Kikubaaqudgha
Nemelex Xobeh
Ru
Trog
Uskayaw
Xom
Yredelemnul
Zin
The Shining One

Shops:
D:8 !

Annotations:
D:4 1 runed translucent door, bladeefan's ghost, amateur HOMo
Lair:1 exclusion: 2 electric eels

.. #.... ♣......## ...
#...# ##....... ....
##...## ##..####. .....
#§.§.P# #...## ##
......###YF.### ##...#
..Y...S.SFk...### #...#
Y...#.##.wl.....####..##
. .. #☼Y§F...........#
... #.Y♣............#
... #5§F...........## ).
#...........>..P### .
##.................#
##..................#
#.#................###
##.....#...........# #
#....#####.#####..###
###...# ##.# ##..P..


You could see a torpor snail (unable to see you), 3 yaks, a water moccasin
(unable to see you), a friendly komodo dragon (summoned, slow), a friendly black
mamba (summoned, slow), 3 friendly blink frogs, a friendly rime drake (summoned,
slow), a friendly bullfrog (summoned, slow) and a friendly crimson imp
(summoned, slow).


Message History

Your black bear dies!
Your black bear's corpse dissolves into shadows!
The yak barely misses your wolf.
Your wolf is engulfed in blazing flames.
Your wolf dies!
Your wolf's corpse disappears in a puff of smoke!
Your black mamba is engulfed in blazing flames.
Being near the torpor snail leaves you feeling lethargic. 😱 HP[-8]
You take 8 damage, and now have 39/184 hp.
Unknown command.
Unknown command.
Unknown command.
Unknown command.
Casting: Call Imp (safe; 1% risk of failure)
Confirm with . or Enter, or press ? or * to list all spells.
You call upon the dead to rise.
You are engulfed in blazing flames.
You feel yourself speed up.
Your black mamba bites the yak.
Your black mamba is engulfed in blazing flames.
Your black mamba dies!
Your black mamba's corpse dissolves into shadows!
The yak barely misses your black mamba.
The yak closely misses your black mamba.
The yak is engulfed in blazing flames.
Your black mamba barely misses the yak.
Being near the torpor snail leaves you feeling lethargic.
Your lightning spire shoots out a bolt of lightning at the yak!
The bolt of electricity hits the yak! x2; The bolt of electricity hits the yak. 😱 HP[+1] MP[-3]
You lost 3 mp, and now have 15/25 mp.
Unknown command.
Unknown command.
Unknown command.
Unknown command.
As you read the scroll of summoning, it crumbles to dust.
Wisps of shadow whirl around you...
You are engulfed in blazing flames.
* * * LOW HITPOINT WARNING * * *
You feel yourself speed up. The yak misses your crimson imp. The yak gores you.
* * * LOW HITPOINT WARNING * * *
The yak closely misses your black mamba.
Your black mamba bites the yak!
Your crimson imp barely misses the yak.
Your black bear bites the yak.
Your black bear claws the yak. x2
Your lightning spire shoots out a bolt of lightning at the yak!
The bolt of electricity hits the yak! x2
The yak dies!
Kikubaaqudgha accepts your kill.
The bolt of electricity hits the yak!
The yak gores your lightning spire!
Being near the torpor snail leaves you feeling lethargic. 😱 HP[-30] MP[+1]
You take 30 damage, and now have 10/184 hp.
Unknown command.
Unknown command.
Unknown command.
It was a potion of resistance.
You feel protected.
You are engulfed in blazing flames.
You resist.
* * * LOW HITPOINT WARNING * * *
You feel yourself speed up.
A water moccasin comes into view.
Your black mamba bites the yak but does no damage.
The yak is engulfed in blazing flames.
The yak gores your lightning spire.
Your crimson imp blinks!
Your black bear completely misses the yak. x2
Your black bear claws the yak.
Your blink frog is engulfed in blazing flames.
Being near the torpor snail leaves you feeling lethargic.
Your black mamba closely misses the yak.
The water moccasin moves out of view. 😱 HP[-2] MP[+1]
You take 2 damage, and now have 8/184 hp.
Unknown command.
Unknown command.
It was a potion of invisibility.
You fade into invisibility!
You resist.
* * * LOW HITPOINT WARNING * * *
You feel yourself speed up.
Your lightning spire disappears in a puff of smoke!
The yak gores your black bear!
The yak is engulfed in blazing flames.
The yak completely misses your black mamba.
Your black bear shakes off its lethargy.
Your black bear goes berserk!
Your rime drake bites the yak but does no damage.
The yak gores your rime drake.
Being near the torpor snail leaves you feeling lethargic.
The yak gores your black bear!
Your black bear dies!
Your black bear's corpse dissolves into shadows!
The yak is engulfed in blazing flames.
The yak gores you but does no damage. 😱 HP[-3] MP[+1]
You take 3 damage, and now have 5/184 hp.
Unknown command.
Unknown command.
It was a potion of degeneration.
There was something very wrong with that liquid.
You feel weakened.
You feel dopey.
You feel clumsy. You resist.
You die...
Kikubaaqudgha rasps: "You have failed me!
Welcome... death!"

Skill      XL: |  1  2  3  4  5  6  7  8  9 10 11 |
---------------+----------------------------------+-----
Fighting       | 1 2 3 4 5 6 7 9 10 11 | 11.8
Spellcasting   | 3 4 5 6 7 8 9 10 | 10.4
Summonings     | 4 5 6 7 8 9 |  9.3
Air Magic      | 2 4 5 |  5.0
Staves         | 1 4 5 |  5.8
Necromancy     | 2 4 |  4.4
Dodging        | |  1.7
Stealth        | |  1.4

Action                   |  1- 3 |  4- 6 |  7- 9 | 10-12 || total
-------------------------+-------+-------+-------+-------++-------
Melee: Unarmed           |   184 |   159 |    31 |       ||   374
       Punch             |       |     1 |     1 |       ||     2
       Falchion          |       |       |    55 |       ||    55
       Quarterstaff      |       |       |    18 |    89 ||   107
 Cast: Summon Small Mamm |    24 |    21 |    43 |    16 ||   104
       Call Canine Famil |    10 |    20 |    29 |    12 ||    71
       Call Imp          |     6 |    16 |    19 |     9 ||    50
       Summon Guardian G |       |     4 |    14 |     8 ||    26
       Summon Lightning  |       |       |    13 |    15 ||    28
       Animate Dead      |       |       |       |     1 ||     1
 Abil: Evoke Blink       |       |       |     2 |       ||     2
Evoke: Wand              |       |       |     6 |       ||     6
  Use: Scroll            |       |       |     9 |     9 ||    18
       Potion            |       |       |     2 |     7 ||     9
 Stab: Sleeping          |     2 |     1 |     3 |     3 ||     9
       Distracted        |     1 |     1 |       |     2 ||     4
Armor: Robe              |    90 |    72 |    41 |     2 ||   205
       Acid dragon scale |       |       |       |    38 ||    38
       Skin              |       |       |       |     2 ||     2
Dodge: Dodged            |   115 |   105 |   103 |    95 ||   418

Levels and vault maps discovered:
D:1:      dpeg_arrival_morbid_curiosity, layout_loops_ring
D:2:      minmay_razor_zed, layout_basic, minmay_hexomino_r4
D:3:      layout_rooms, hellmonk_ecumenical_altar_arch_garden,
          eino_tiny_chamber, nrook_mini_vaults, lightli_corner_chamber
D:4:      layout_loops_cross, mainiacjoe_overflow_concentric_impassable,
          ebering_ghost_sewer_d
D:5:      layout_basic
D:6:      layout_loops_ring, minmay_temple_entry_trees,
          hangedman_abyss_or_decor_stabs
D:7:      layout_basic, corexii_hall_statues_x, uniq_prince_ribbit1,
          uniq_joseph, uniq_pikel, uniq_crazy_yiuf_cottage
D:8:      layout_gridville, erik_lair_dragon, serial_shops, shop
Temple:   compressed_dpeg_triangle_lava_temple
Lair:1:   layout_cave_pods, serial_bayou_pond_b
Lair:2:   layout_small_grid, palyth_hydra_swamp_entry,
          guppyfry_snake_entry_island

Notes
Turn   | Place    | Note
-------+----------+-------------------------------------------
     0 | D:1      | spaghetti the Ogre Summoner began the quest for the Orb.
     0 | D:1      | Reached XP level 1. HP: 16/16 MP: 3/3
     0 | D:1      | magus.rc [v1.9.6]
   449 | D:1      | You pick up a book of Annihilations and begin reading...
   449 | D:1      | You add the spells Chain Lightning, Fire Storm and Shatter
                  | to your library.
   481 | D:1      | Reached skill level 1 in Fighting
   481 | D:1      | Reached XP level 2. HP: 27/27 MP: 5/5
   883 | D:1      | Reached skill level 3 in Spellcasting
  1318 | D:1      | Reached XP level 3. HP: 22/35 MP: 7/7
  1646 | D:2      | Learned a level 2 spell: Call Imp
  1650 | D:2      | Learned a level 3 spell: Call Canine Familiar
  1791 | D:2      | Reached skill level 2 in Fighting
  2255 | D:2      | Reached skill level 4 in Summonings
  2663 | D:2      | Found a sacrificial altar of Ru.
  2826 | D:2      | You pick up a book of Displacement and begin reading...
  2826 | D:2      | You add the spells Lesser Beckoning, Gell's Gravitas and
                  | Teleport Other to your library.
  3006 | D:2      | You pick up a book of the Senses and begin reading...
  3006 | D:2      | You add the spells Dazzling Flash, Agony and Silence to
                  | your library.
  3212 | D:3      | Reached XP level 4. HP: 21/44 MP: 3/9
  3508 | D:3      | Learned a level 3 spell: Summon Guardian Golem
  3666 | D:3      | Reached skill level 3 in Fighting
  3702 | D:3      | You pick up a book of Alchemy and begin reading...
  3702 | D:3      | You add the spells Sublimation of Blood, Petrify and
                  | Irradiate to your library.
  4051 | D:3      | Found a faded altar of an unknown god.
  4380 | D:4      | Reached XP level 5. HP: 42/53 MP: 10/10
  4455 | D:4      | Found a glowing silver altar of Zin.
  4572 | D:4      | Reached skill level 4 in Spellcasting
  4788 | D:4      | Found a runed translucent door.
  4790 | D:4      | Noticed bladeefan's ghost (amateur HOMo)
  5176 | D:4      | Reached skill level 4 in Fighting
  5176 | D:4      | Reached XP level 6. HP: 44/62 MP: 7/12
  5375 | D:5      | Entered Level 5 of the Dungeon
  5674 | D:5      | You pick up a book of Burglary and begin reading...
  5674 | D:5      | You add the spells Passwall, Ensorcelled Hibernation and
                  | Swiftness to your library.
  5813 | D:5      | Reached skill level 5 in Summonings
  5914 | D:5      | Noticed a black bear
  5927 | D:5      | Killed a black bear
  5928 | D:5      | Reached skill level 5 in Fighting
  5928 | D:5      | Reached skill level 5 in Spellcasting
  5928 | D:5      | Reached XP level 7. HP: 40/72 MP: 11/14
  6786 | D:6      | Reached skill level 6 in Fighting
  7183 | D:6      | HP: 8/65 [wight/+4 spear (11)]
  7189 | D:6      | Reached skill level 6 in Spellcasting
  7189 | D:6      | Reached XP level 8. HP: 16/81 MP: 5/17
  7264 | D:6      | HP: 20/81 [acid (9)]
  7593 | D:6      | Reached skill level 6 in Summonings
  7653 | D:6      | HP: 16/84 [orc warrior/+0 trident (18)]
  7959 | D:6      | Learned a level 4 spell: Summon Lightning Spire
  8058 | D:6      | Found a staircase to the Ecumenical Temple.
  8064 | D:6      | Identified the ring "Kewysyj" {+Blink rC- rN+ EV+4 Stlth+}
  8092 | D:6      | You pick up a book of Callings and begin reading...
  8190 | D:6      | Reached skill level 7 in Fighting
  8248 | D:6      | You pick up a book of Vapours and begin reading...
  8248 | D:6      | You add the spells Poisonous Vapours and Corpse Rot to your
                  | library.
  8444 | D:6      | You pick up a book of Weapons and begin reading...
  8444 | D:6      | You add the spells Tukima's Dance, Portal Projectile and
                  | Blade Hands to your library.
  8613 | Temple   | Entered the Ecumenical Temple
  8642 | Temple   | Became a worshipper of Kikubaaqudgha
  8669 | D:7      | Noticed Pikel
  8695 | D:7      | Killed Pikel
  8696 | D:7      | Reached skill level 7 in Spellcasting
  8696 | D:7      | Reached skill level 2 in Air Magic
  8943 | D:7      | Noticed Prince Ribbit
  8955 | D:7      | HP: 20/87 [wight/+0 battleaxe (18)]
  8956 | D:7      | Reached XP level 9. HP: 19/95 MP: 16/19
  8962 | D:7      | Reached skill level 8 in Fighting
  8994 | D:8      | HP: 22/96 [poisoned by a kobold brigand]
  8999 | D:8      | HP: 18/96 [poisoned by a kobold brigand]
  9337 | D:7      | Killed Prince Ribbit
  9338 | D:7      | Reached skill level 7 in Summonings
  9338 | D:7      | Reached skill level 3 in Air Magic
  9640 | D:7      | Noticed Joseph
  9660 | D:7      | HP: 21/97 [Joseph/+1 quarterstaff of distortion (5)]
  9660 | D:7      | HP: 3/97 [Joseph/+1 quarterstaff of distortion (18)]
 10074 | D:7      | HP: 24/97 [poisoned by a kobold brigand]
 10088 | D:7      | HP: 23/97 [bullfrog (4)]
 10113 | D:7      | Killed Joseph
 10114 | D:7      | Reached skill level 9 in Fighting
 10114 | D:7      | Reached skill level 8 in Spellcasting
 10511 | D:7      | You pick up a book of Displacement and begin reading...
 10544 | D:7      | Found a runed translucent door.
 10545 | D:7      | Noticed Crazy Yiuf
 10743 | D:7      | Killed Crazy Yiuf
 11093 | D:8      | Reached skill level 1 in Staves
 11268 | D:8      | Found Heveb's Distillery.
 11285 | D:8      | Reached skill level 4 in Air Magic
 11290 | D:8      | Bought a potion of berserk rage for 50 gold pieces
 11290 | D:8      | Bought a potion of might for 40 gold pieces
 11290 | D:8      | Bought a potion of lignification for 30 gold pieces
 11695 | D:8      | Reached XP level 10. HP: 48/107 MP: 15/22
 12186 | D:8      | Reached skill level 2 in Staves
 12192 | D:8      | HP: 11/107 [komodo dragon (19)]
 12669 | D:8      | Reached * piety under Kikubaaqudgha
 12669 | D:8      | You add the spells Necrotise, Vampiric Draining, Anguish
                  | and Animate Dead to your library.
 12669 | D:8      | Received a gift from Kikubaaqudgha
 12912 | D:8      | Learned a level 4 spell: Animate Dead
 12914 | D:8      | Learned a level 1 spell: Necrotise
 12917 | D:8      | Learned a level 2 spell: Sublimation of Blood
 12921 | D:8      | Found a staircase to the Lair.
 13360 | Lair:1   | Entered Level 1 of the Lair of Beasts
 13466 | Lair:1   | Reached skill level 10 in Fighting
 13466 | Lair:1   | Reached skill level 3 in Staves
 13466 | Lair:1   | Reached skill level 8 in Summonings
 13532 | Lair:1   | HP: 24/110 [blink frog (8)]
 13536 | Lair:1   | Reached skill level 9 in Spellcasting
 13536 | Lair:1   | Reached skill level 1 in Necromancy
 13914 | Lair:1   | HP: 22/108 [yak (10)]
 13917 | Lair:1   | Reached skill level 5 in Air Magic
 13918 | Lair:1   | HP: 3/165 [themself (15)]
 13920 | Lair:1   | Reached skill level 2 in Necromancy
 14408 | Lair:1   | Noticed a cane toad
 14417 | Lair:1   | HP: 27/111 [electric eel/bolt of electricity (9)]
 14422 | Lair:1   | HP: 23/111 [poisoned by a cane toad]
 14424 | Lair:1   | Killed a cane toad
 14425 | Lair:1   | Reached skill level 4 in Staves
 15008 | Lair:1   | Reached XP level 11. HP: 119/119 MP: 24/24
 15494 | Lair:2   | Found a staircase to the Snake Pit.
 15505 | Lair:2   | HP: 24/119 [naga/+0 flail (17)]
 15510 | Lair:2   | HP: 18/119 [poisoned by a naga (splash of poison)]
 15989 | Lair:2   | Noticed a death yak
 15989 | Lair:2   | Noticed a death yak
 15989 | Lair:2   | Noticed a death yak
 15989 | Lair:2   | Noticed a death yak
 15991 | Lair:2   | Noticed a death yak
 16003 | Lair:2   | Killed a death yak
 16004 | Lair:2   | Reached skill level 11 in Fighting
 16004 | Lair:2   | Reached skill level 3 in Necromancy
 16004 | Lair:2   | Killed a death yak
 16006 | Lair:2   | Killed a death yak
 16007 | Lair:2   | Reached skill level 5 in Staves
 16010 | Lair:2   | Killed a death yak
 16011 | Lair:2   | Reached skill level 10 in Spellcasting
 16014 | Lair:2   | Killed a death yak
 16015 | Lair:2   | Reached skill level 9 in Summonings
 16078 | Lair:2   | Noticed an eight-headed hydra
 16086 | Lair:2   | Killed an eight-headed hydra
 16087 | Lair:2   | Reached skill level 4 in Necromancy
 16708 | Lair:2   | HP: 39/184 [themself] (16)]
 16710 | Lair:2   | HP: 16/184 [themself] (24)]
 16711 | Lair:2   | HP: 7/184 [themself] (3)]
 16713 | Lair:2   | Engulfed by their own flame

Vanquished Creatures
  A rime drake (Lair:2)
  A polar bear (Lair:1)
  2 blink frogs (Lair:1)
  A vampire (D:8)
  2 basilisks (D:8)
  2 yaks (Lair:1)
  A swamp worm (Lair:2)
  An acid dragon (D:8)
  2 water moccasins
  A necrophage (D:5)
  4 bullfrogs
  2 wights
  2 killer bees (D:8)
  An orc priest (D:7)
  An orc wizard (D:5)
  3 iguanas
  An adder (D:6)
  9 orcs
  5 ball pythons
  3 endoplasms
  A giant cockroach (D:2)
  3 goblins
  3 hobgoblins (D:1)
  2 kobolds
  A quokka (D:3)
  3 frilled lizards
  4 rats
62 creatures vanquished.

Vanquished Creatures (collateral kills)
  A hydra (Lair:2)
  5 death yaks (Lair:2)
  Pikel (D:7)
  Joseph (D:7)
  A cane toad (Lair:1)
  2 komodo dragons
  A rime drake (Lair:2)
  A polar bear (Lair:1)
  Prince Ribbit (D:7)
  A blink frog (Lair:1)
  3 yaks
  A basilisk (D:8)
  2 nagas (Lair:2)
  A water moccasin (D:5)
  2 orc warriors
  A black bear (D:5)
  A lemure (D:7)
  2 kobold brigands
  A scorpion (D:6)
  6 wights
  A necrophage (D:5)
  A killer bee (D:8)
  A howler monkey (D:4)
  3 jellies
  6 orc priests
  Crazy Yiuf (D:7)
  A hound (D:3)
  4 orc wizards
  2 iguanas
  4 adders
  A white imp (D:5)
  An ufetubus (D:7)
  15 orcs
  4 ball pythons
  2 endoplasms (D:2)
  2 giant cockroaches (D:2)
  6 goblins
  6 hobgoblins
  3 quokkas
  6 bats
  2 frilled lizards (D:2)
  11 kobolds
  A rat (D:3)
119 creatures vanquished.

Vanquished Creatures (others)
  5 yaks
  2 lemures (D:7)
  2 wights (D:6)
  A hound (D:7)
  An orc wizard (D:7)
  An orc (D:7)
  A kobold (D:7)
  4 fungi (Lair:2)
  5 plants (Lair:2)
22 creatures vanquished.

Grand Total: 203 creatures vanquished

Table legend:
 A = Non-vault XP
 B = Vault XP
 C = Vault XP percentage of total XP
 D = Non-vault monster count
 E = Vault monster count
 F = Vault count percentage of total count
                 A         B        C        D         E       F
            +---------+---------+-------+---------+---------+-------
      Total |   12167 |    4962 |  29.0 |     155 |      38 |  19.7
            +---------+---------+-------+---------+---------+-------
        D:1 |      28 |       8 |  22.2 |      19 |       5 |  20.8
        D:2 |      18 |      25 |  58.1 |      11 |      16 |  59.3
        D:3 |      85 |       0 |   0.0 |      14 |       0 |   0.0
        D:4 |     158 |       0 |   0.0 |      11 |       0 |   0.0
        D:5 |     582 |       0 |   0.0 |      13 |       0 |   0.0
        D:6 |     717 |       0 |   0.0 |      18 |       0 |   0.0
        D:7 |     602 |    1483 |  71.1 |      20 |       4 |  16.7
        D:8 |    1269 |    1102 |  46.5 |      23 |       5 |  17.9
     Lair:1 |    2862 |     403 |  12.3 |      13 |       1 |   7.1
     Lair:2 |    5846 |    1941 |  24.9 |      13 |       7 |  35.0
            +---------+---------+-------+---------+---------+-------

Illustrated notes

Table legend:
 A = Kills in this place as a percentage of kills in entire the game.
 B = Kills by you in this place as a percentage of kills by you in the entire game.
 C = Kills by friends in this place as a percentage of kills by friends in the entire game.
 D = Other kills in this place as a percentage of other kills in the entire game.
 E = Experience gained in this place as a percentage of experience gained in the entire game.
 F = Experience gained in this place divided by the number of levels of this place that you have seen.
                   A       B       C       D       E      F
               +-------+-------+-------+-------+-------+----------------------
         Total | 100.0 | 100.0 | 100.0 | 100.0 | 100.0 | 1557.2
       Dungeon |  82.4 |  80.6 |  86.4 |  53.8 |  35.5 | 759.6
          Lair |  17.6 |  19.4 |  13.6 |  46.2 |  64.5 | 5526.0
               +-------+-------+-------+-------+-------+----------------------

Table legend: (Time is in decaauts)
 A = Elapsed time spent in this place.
 B = Non-inter-level travel time spent in this place.
 C = Inter-level travel time spent in this place.
 D = Time resting spent in this place.
 E = Time spent auto-exploring this place.
 F = Levels seen in this place.
 G = Mean time per level.
                   A        B        C        D        E       F      G
               +--------+--------+--------+--------+--------+-----+--------+
         Total |  16743 |  16383 |    360 |   1159 |  13274 |  11 | 1522.1 |
       Dungeon |  13331 |  13012 |    319 |   1067 |  10316 |   8 | 1666.4 |
        Temple |     34 |     29 |      5 |      0 |     15 |   1 |   34.0 |
          Lair |   3377 |   3342 |     35 |     92 |   2943 |   2 | 1688.5 |
               +--------+--------+--------+--------+--------+-----+--------+

Top non-repeatable levels by time:
     D:8: 2721 daAuts
     D:6: 2254 daAuts
  Lair:1: 1992 daAuts
     D:7: 1641 daAuts
     D:2: 1623 daAuts
     D:1: 1561 daAuts
  Lair:2: 1385 daAuts
     D:5: 1339 daAuts
     D:3: 1167 daAuts
     D:4: 1021 daAuts
  Temple: 34 daAuts
